 Dungeon Crawl Stone Soup version 0.30-a0-1160-g6e42c06551 (webtiles) character file.

Game seed: 15166148599388748013

836 nxttrainer the Firebug (level 8, -3/52 HPs)
             Began as a Formicid Fire Elementalist on Apr 27, 2023.
             Slain by a goblin
             ... wielding a +0 dagger
              (6 damage)
             ... on level 4 of the Dungeon.
             The game lasted 00:22:15 (1862 turns).

nxttrainer the Firebug (Formicid Fire Elementalist) Turns: 1862, Time: 00:22:15

Health: -3/52      AC:  2    Str: 13    XL:     8   Next: 19%
Magic:  7/14       EV:  2    Int: 17    God:
Gold:   156        SH:  0    Dex: 14    Spells: 12/15 levels left

rFire   + . .        a - +2 rapier (elec)
rCold   + . .        (no shield)
rNeg    . . .        e - +0 robe
rPois   +            (helmet unavailable)
rElec   +            (no cloak)
rCorr   +            (no gloves)
SInv    +            (no boots)
Will    .....        (no amulet)
Stlth   +            (no ring)
HPRegen 0.28/turn    (no ring)
MPRegen 0.14/turn

%: no passive effects
@: confused, mighty, resistant, sleeping, ambrosia-drunk, attractive, very
slightly contaminated
A: permanent stasis, dig shafts and tunnels, antennae 3, four strong arms
a: Dig, Shaft Self


You were on level 4 of the Dungeon.
You visited 1 branch of the dungeon, and saw 5 of its levels.

You collected 156 gold pieces.

Inventory:

Hand Weapons
 a - a +2 rapier of electrocution (weapon)
 b - a +0 sling
Missiles
 m - 8 javelins
 n - 3 atropa-tipped darts
 v - 7 poisoned darts (quivered)
Armour
 e - a +0 robe (worn)
 u - a +0 cloak
Jewellery
 l - an amulet of guardian spirit
Wands
 z - a wand of paralysis (5)
Scrolls
 c - 4 scrolls of identify {unknown}
 j - a scroll of summoning {unknown}
 k - a scroll of teleportation {unknown}
 p - a scroll of brand weapon {unknown}
 t - 2 scrolls of vulnerability {unknown}
 w - a scroll of blinking {unknown}
 y - a scroll of torment {unknown}
 A - a scroll of enchant armour {unknown}
 B - 2 scrolls of fear {unknown}
Potions
 d - a potion of attraction
 f - a potion of resistance
 g - a potion of haste {unknown}
 h - a potion of might
 i - a potion of ambrosia
 o - 2 potions of curing {unknown}
 q - 2 potions of flight {unknown}
 r - 2 potions of heal wounds {unknown}
 s - a potion of magic
 x - a potion of degeneration {unknown}


   Skills:
 - Level 2.0 Dodging
 - Level 2.7 Stealth
 + Level 4.3 Spellcasting
 * Level 4.8 Conjurations
 * Level 6.2 Fire Magic


You had 12 spell levels left.
You knew the following spells:

 Your Spells              Type           Power      Damage    Failure   Level
x - Scorch                Fire           48%        2d7       1%          2
z - Foxfire               Conj/Fire      88%        2x1d8     1%          1

Your spell library contained the following spells:

 Spells                   Type           Power      Damage    Failure   Level
 Shock                    Conj/Air       48%        1d6       5%          1
 Inner Flame              Hex/Fire       14%        N/A       13%         3
 Volatile Blastmotes      Fire/Tloc      28%        2d12      13%         3
 Flame Wave               Conj/Fire      22%        2d8       16%         4
 Cigotuvi's Dreadful Rot  Necr/Pois/Air  6%         N/A       22%         2
 Ensorcelled Hibernation  Hex/Ice        6%         N/A       22%         2
 Passwall                 Tmut/Erth      2%         N/A       22%         2
 Airstrike                Air            1%         2d(1-17)  83%         4
 Dispel Undead            Necr           3%         3d7       83%         4
 Death Channel            Necr           1%         N/A       100%        6
 Swiftness                Air            Unusable   N/A       N/A         3

Dungeon Overview and Level Annotations

Branches:
Dungeon (5/15)
 Temple: D:4-7

Altars:
Okawaru
Ru
The Shining One

Shops:
D:2 *[=*   D:4 :

Annotations:
D:3 exclusion: downstairs


Innate Abilities, Weirdness & Mutations

You cannot be hasted, slowed, berserked, paralysed or teleported.
You can dig through walls and to a lower floor.
You have a pair of large antennae on your head. (SInv)
Your four strong arms can wield two-handed weapons with a shield.


Message History

The foxfire hits the sleepcap but does no damage.
The sleepcap is moderately damaged.
The sleepcap releases spores at you.
You are engulfed in a cloud of soporific spores!
You fall asleep.
The sleepcap barely misses you.
The goblin unwields a +0 sling.
The goblin wields a +0 club.
The goblin hits you with a +0 club!
You wake up.
The sleepcap releases spores at you.
* * * LOW HITPOINT WARNING * * *
You are engulfed in a cloud of soporific spores!
You are unaffected.
Okay, then.
It was a potion of attraction.
You feel attractive to monsters. The goblin closely misses you.
The sleepcap completely misses you. The goblin is attracted toward you.
It was a potion of resistance.
You feel protected. The goblin hits you with a +0 club.
* * * LOW HITPOINT WARNING * * *
The sleepcap releases spores at you.
* * * LOW HITPOINT WARNING * * *
The goblin hits you with a +0 dagger.
* * * LOW HITPOINT WARNING * * *
It was a potion of might.
You feel very mighty all of a sudden. The goblin hits you with a +0 club.
* * * LOW HITPOINT WARNING * * *
The sleepcap closely misses you. The goblin misses you.
It was a potion of ambrosia.
You are confused.
You feel invigorated. The goblin hits you with a +0 club.
* * * LOW HITPOINT WARNING * * *
The sleepcap releases spores at you.
* * * LOW HITPOINT WARNING * * *
You are engulfed in a cloud of soporific spores!
You fall asleep.
The goblin hits you with a +0 dagger.
You die...

..... .....................
. #....#............... ..
#.[..#.........#.#### #.#
#...............####
.##..####...............##∩.
......#.#.#.............####
..#...................#.####
##.....##....§.......#......
#.........f@g....#...#.....#
..........g...............##
........................###
........................#
......##....#........####
.#.... #...##........# #....
#..#####.....## ..... ..##
#..#### ..... .## ####


You could see a sleepcap and 2 goblins.

Vanquished Creatures
  3 yaks (D:4)
  A phantom (D:3)
  2 scorpions (D:4)
  A howler monkey (D:4)
  A jelly (D:4)
  A hound (D:4)
  A gnoll (D:4)
  3 adders
  A worm (D:3)
  4 dart slugs
  2 orcs
  5 ball pythons
  4 endoplasms
  3 giant cockroaches
  9 hobgoblins
  3 jackals (D:4)
  9 kobolds
  4 quokkas
  4 bats
  6 frilled lizards
  3 goblins
  6 rats
76 creatures vanquished.

Vanquished Creatures (others)
  185 foxfires
185 creatures vanquished.

Grand Total: 261 creatures vanquished

Notes
Turn   | Place    | Note
-------+----------+-------------------------------------------
     0 | D:1      | nxttrainer the Formicid Fire Elementalist began the quest
                  | for the Orb.
     0 | D:1      | Reached XP level 1. HP: 13/13 MP: 3/3
    52 | D:1      | Reached skill level 1 in Conjurations
    84 | D:1      | Reached XP level 2. HP: 19/19 MP: 1/5
   156 | D:1      | Found a faded altar of an unknown god.
   359 | D:2      | Found Oseloonk's Antique Armour Shoppe.
   421 | D:2      | Reached XP level 3. HP: 24/24 MP: 1/6
   424 | D:2      | Learned a level 2 spell: Scorch
   545 | D:2      | Found an iron altar of Okawaru.
   742 | D:2      | Reached XP level 4. HP: 29/30 MP: 4/7
   748 | D:2      | Found Taycir's Assorted Antiques.
   826 | D:2      | Found Bitel's General Store.
   875 | D:2      | Found Kitoph's Jewellery Shoppe.
  1080 | D:3      | Found a sacrificial altar of Ru.
  1080 | D:3      | Found a glowing golden altar of the Shining One.
  1383 | D:4      | Noticed a yak
  1383 | D:4      | Noticed a yak
  1441 | D:4      | Noticed a phantom
  1452 | D:3      | Killed a phantom
  1453 | D:3      | Reached skill level 4 in Fire Magic
  1453 | D:3      | Reached XP level 5. HP: 17/35 MP: 4/9
  1571 | D:4      | Noticed a yak
  1577 | D:4      | Killed a yak
  1578 | D:4      | Reached XP level 6. HP: 41/41 MP: 5/11
  1590 | D:4      | Killed a yak
  1591 | D:4      | Reached skill level 5 in Fire Magic
  1591 | D:4      | Reached XP level 7. HP: 41/46 MP: 6/12
  1596 | D:4      | Killed a yak
  1663 | D:4      | Reached XP level 8. HP: 40/52 MP: 0/14
  1676 | D:5      | Entered Level 5 of the Dungeon
  1747 | D:4      | Reached skill level 6 in Fire Magic
  1805 | D:4      | Found Tiacke's Tiny Tomes.
  1862 | D:4      | Slain by a goblin

Illustrated notes

Levels and vault maps discovered:
D:1:      evilmike_arrival_rings, layout_loops_ring,
          hellmonk_ecumenical_altar_inner_sanctum
D:2:      layout_rooms, basic_altar, serial_shops, shop,
          nicolae_shop_back_alley_shop, shop, nicolae_shop_trees, shop,
          minmay_pentomino_s4
D:3:      layout_loops_ring, jmf_multi_god_temple
D:4:      layout_cave_pools, lemuel_temple_firewalk_b,
          nicolae_shop_i_like_small_books_too
D:5:      layout_basic, mainiacjoe_overflow_surrounded_room,
          mainiacjoe_overflow_catwalk, serial_shops, shop, uniq_pikel

Skill      XL: |  1  2  3  4  5  6  7  8 |
---------------+-------------------------+-----
Conjurations   | 1 2 3 4 |  4.8
Dodging        | 2 |  2.0
Spellcasting   | 3 4 |  4.3
Fire Magic     | 4 5 6 |  6.2
Stealth        | |  2.7

Action                     |  1- 3 |  4- 6 |  7- 9 || total
---------------------------+-------+-------+-------++-------
  Melee: Club              |    10 |       |       ||    10
         Rapier            |       |    26 |    15 ||    41
         Whip              |       |     1 |       ||     1
  Throw: Dart              |       |     2 |       ||     2
   Cast: Foxfire           |    54 |    40 |    30 ||   124
         Scorch            |       |     2 |     1 ||     3
Ability: Dig               |     1 |       |       ||     1
  Evoke: Wand              |       |     5 |     1 ||     6
    Use: Potion            |       |       |     4 ||     4
   Stab: Paralysed         |       |     8 |     5 ||    13
 Armour: Robe              |     3 |     6 |       ||     9
  Dodge: Dodged            |    18 |    34 |    10 ||    62

Table legend: (Time is in decaauts)
 A = Elapsed time spent in this place.
 B = Non-inter-level travel time spent in this place.
 C = Inter-level travel time spent in this place.
 D = Time resting spent in this place.
 E = Time spent auto-exploring this place.
 F = Levels seen in this place.
 G = Mean time per level.
                   A        B        C        D        E       F      G
               +--------+--------+--------+--------+--------+-----+--------+
         Total |   1872 |   1853 |     19 |      0 |      0 |   5 |  374.4 |
       Dungeon |   1872 |   1853 |     19 |      0 |      0 |   5 |  374.4 |
               +--------+--------+--------+--------+--------+-----+--------+

Top non-repeatable levels by time:
     D:3: 590 daAuts
     D:2: 487 daAuts
     D:1: 424 daAuts
     D:4: 302 daAuts
     D:5: 67 daAuts
